 Dungeon Crawl Stone Soup version 0.27.0-1-g7a089689b8 (webtiles) character file.

Game seed: 10265031912936006034

12 Delamore the Sneak (level 2, 0/19 HPs)
             Began as an Octopode Brigand on Aug 7, 2021.
             Slain by a ball python (1 damage)
             ... on level 1 of the Dungeon.
             The game lasted 00:00:32 (354 turns).

Delamore the Sneak (Octopode Brigand)                Turns: 354, Time: 00:00:32

Health: 0/19       AC:  1    Str: 10    XL:     2   Next: 33%
Magic:  2/2        EV: 10    Int: 13    God:
Gold:   0          SH:  0    Dex: 13    Spells: 1/1 levels left

rFire    . . .     SeeInvis .   a - +2 dagger
rCold    . . .     Faith    .   (no shield)
rNeg     . . .     Spirit   .   (helmet restricted)
rPois    .         Reflect  .   (no amulet)
rElec    .         Harm     .   (no ring)
rCorr    .         Rampage  .   (no ring)
Will     .....                  (no ring)
Stlth    +++++.....             (no ring)
HPRegen  0.06/turn              (no ring)
MPRegen  0.08/turn              (no ring)
                                (no ring)
                                (no ring)

@: constricted
A: almost no armour, amphibious, 8 rings, camouflage 1, gelatinous body 1,
nimble swimmer 1, tentacles
a: no special abilities


You were on level 1 of the Dungeon.
You visited 1 branch of the dungeon, and saw 1 of its levels.

Inventory:

Hand Weapons
 a - a +2 dagger (weapon)
Missiles
 b - 8 poisoned darts (quivered)
Scrolls
 d - a scroll of blinking {unknown}


   Skills:
 + Level 2.2 Fighting
 * Level 2.5 Short Blades
 - Level 2.0 Throwing
 + Level 1.3 Dodging
 - Level 5.3 Stealth


You had one spell level left.
You didn't know any spells.
Your spell library was empty.

Dungeon Overview and Level Annotations

Branches:
Dungeon (1/15)

Altars:


Innate Abilities, Weirdness & Mutations

You cannot wear most types of armour.
You are amphibious.
You can wear up to eight rings at the same time.
Your skin changes colour to match your surroundings (Stealth+).
Your rubbery body absorbs attacks. (AC +1, EV +1)
You are camouflaged near water. (Stealth+)
You have tentacles for arms and can constrict up to eight enemies at once.


Message History

The ball python barely misses you. The ball python closely misses you. x2
The ball python barely misses you. The ball python misses you.
Throw: 2 darts (curare)
Press: ? - help, Q - select action, (/) - cycle Shift-Dir - straight line, f - ball python
Aim: a ball python (55% to hit)
You throw a curare-tipped dart.
The curare-tipped dart closely misses the ball python.
The curare-tipped dart barely misses the ball python.
The ball python closely misses you. The ball python barely misses you. x2
The ball python closely misses you.
Throw: dart (curare)
Press: ? - help, Q - select action, (/) - cycle Shift-Dir - straight line, f/p - ball python
Aim: a ball python (55% to hit)
You throw a curare-tipped dart.
The curare-tipped dart completely misses the ball python.
The curare-tipped dart barely misses the ball python.
The ball python barely misses you. The ball python grabs you.
* * * LOW HITPOINT WARNING * * *
The ball python constricts you.
You escape the ball python's grasp.
The ball python misses you. The ball python grabs you.
* * * LOW HITPOINT WARNING * * *
The ball python constricts you.
The ball python's grasp on you weakens, but your attempt to escape fails.
The ball python closely misses you.
* * * LOW HITPOINT WARNING * * *
The ball python constricts you.
You escape the ball python's grasp.
The ball python closely misses you. The ball python barely misses you.
There is an open door here.
The ball python completely misses you. The ball python grabs you.
* * * LOW HITPOINT WARNING * * *
The ball python constricts you.
You escape the ball python's grasp.
You hit the ball python. You grab the ball python.
The ball python is moderately wounded.
You constrict the ball python. The ball python completely misses you.
The ball python grabs you.
You die...

#. ### .. ###<###
... #.#.#># ...
#♣.....♣# #.
#≈♣S..♣≈# #.
#≈≈♣.♣≈≈# #.
#≈S♣S♣≈≈# #.
##@♣.♣≈## #.
####K### #. #....#
#. ##..## #. ##g# #.
####.#### #######.
#.......#####.......
#.......Kg....######
#........###### #.


You could see 2 ball pythons.

Vanquished Creatures
  A dart slug (D:1)
  A giant cockroach (D:1)
  A goblin (D:1)
  2 jackals (D:1)
  2 kobolds (D:1)
  A frilled lizard (D:1)
  A rat (D:1)
9 creatures vanquished.

Notes
Turn   | Place    | Note
-------+----------+-------------------------------------------
     0 | D:1      | Delamore the Octopode Brigand began the quest for the Orb.
     0 | D:1      | Reached XP level 1. HP: 14/14 MP: 1/1
    53 | D:1      | Reached XP level 2. HP: 13/19 MP: 2/2
   354 | D:1      | Slain by a ball python

Illustrated notes

Levels and vault maps discovered:
D:1:      saegor_arrival_simple_d, layout_rooms, minmay_shallow_snake_nest

Action                   || total
-------------------------++-------
Melee: Dagger            ||    16
       Constrict         ||     7
       Tentacles         ||     3
Throw: Dart              ||     2
 Stab: Sleeping          ||     1
Armor: Skin              ||     3
Dodge: Dodged            ||    35
